 Dungeon Crawl Stone Soup version 0.30-a0-134-gb40fab5c76 (webtiles) character file.

Game seed: 6097101005703920065

1 IdlyInterested the Chucker (level 1, -2/13 HPs)
             Began as a Demonspawn Wanderer on Sept 19, 2022.
             Slain by a hobgoblin (4 damage)
             ... on level 1 of the Dungeon.
             The game lasted 00:01:14 (46 turns).

IdlyInterested the Chucker (Demonspawn Wanderer)      Turns: 46, Time: 00:01:15

Health: -2/13      AC:  2    Str:  8    XL:     1   Next: 16%
Magic:  2/2        EV: 11    Int: 12    God:
Gold:   10         SH:  0    Dex: 17    Spells: 2/2 levels left

rFire   . . .      SeeInvis .    a - +2 dagger
rCold   . . .      Faith    .    g - orb {mayhem}
rNeg    . . .      Spirit   .    f - +0 robe
rPois   .          Reflect  .    (no helmet)
rElec   .          Harm     .    (no cloak)
rCorr   .          Rampage  .    (no gloves)
Will    .....                    (no boots)
Stlth   ++........               (no amulet)
HPRegen 0.04/turn                (no ring)
MPRegen 0.08/turn                (no ring)

@: no status effects
A: no striking features
a: no special abilities


You were on level 1 of the Dungeon.
You visited 1 branch of the dungeon, and saw 1 of its levels.

You collected 10 gold pieces.

Inventory:

Hand Weapons
 a - a +2 dagger (weapon)
 c - a +0 quarterstaff
Missiles
 b - 4 curare-tipped darts (quivered)
Armour
 f - a +0 robe (worn)
 g - an orb of mayhem (worn)
Potions
 d - a potion of curing
 e - a potion of lignification
 h - a potion of degeneration {unknown}
 i - a potion of haste {unknown}


   Skills:
 * Level 0.2 Fighting
 - Level 1.7 Staves
 - Level 3.6 Throwing
 + Level 1.8 Armour
 - Level 1.0 Spellcasting
 - Level 1.2 Invocations


You had 2 spell levels left.
You didn't know any spells.
Your spell library was empty.

Dungeon Overview and Level Annotations

Branches:
Dungeon (1/15)

Altars:


Message History

You enter the shallow water.
Moving in this stuff is going to be slow.
You now have 8 gold pieces.
Your library has no spells.
You see here an orb of mayhem.
g - an orb of mayhem
Okay, then.
You enter the shallow water.
Moving in this stuff is going to be slow.
You now have 10 gold pieces (gained 2).
Okay, then.
You start putting on your armour.
You continue putting on your orb of mayhem. x4
You finish putting on your orb of mayhem.
h - a red potion
i - a bubbling inky potion A giant cockroach comes into view.
A hobgoblin comes into view.
The helpless giant cockroach fails to defend itself.
You puncture the giant cockroach!
You kill the giant cockroach!
The hobgoblin flies into a frenzy!
The hobgoblin shouts!
You hear a shout!
The hobgoblin attacks as you move away! The hobgoblin hits you.
You hear an angry hiss.
The hobgoblin shouts!
The hobgoblin shouts!
The hobgoblin closely misses you.
The hobgoblin shouts!
A goblin comes into view. It is wielding a +0 club.
The hobgoblin attacks as you move away! The hobgoblin closely misses you.
The hobgoblin shouts!
The hobgoblin hits you!
Ouch! That really hurt!
* * * LOW HITPOINT WARNING * * *
You completely miss the hobgoblin. The hobgoblin closely misses you.
You hit the hobgoblin.
The hobgoblin is moderately wounded.
The hobgoblin hits you.
You die...

# #.# ##.# .~##~~P.
#.####.##### #..##P.....P.
#.....†.g..###....P...P.~.
#...## #.....~......~
#.#..# ##........P.P.~ #
##g## #...~.~.P..~..P
#..###.............P
##.g#...##.~~....~~~
##@...###P...~.~.PP ###.##
##.....~~.. ### ###.~.....
#####P.P ##.. ###


You could see a goblin and a neutral hobgoblin (fast, strong, insane).

Vanquished Creatures
  A giant cockroach (D:1)
1 creature vanquished.

Notes
Turn   | Place    | Note
-------+----------+-------------------------------------------
     0 | D:1      | IdlyInterested the Demonspawn Wanderer began the quest for
                  | the Orb.
     0 | D:1      | IdlyInterested set off with the following items: a +2
                  | dagger, 4 curare-tipped darts, a +0 quarterstaff, a potion
                  | of curing, a potion of lignification, a +0 robe.
     0 | D:1      | Reached XP level 1. HP: 13/13 MP: 2/2
    46 | D:1      | Slain by a hobgoblin

Illustrated notes

Levels and vault maps discovered:
D:1:      lemuel_arrival_muddy, layout_loops_ring, serial_forest,
          infiniplex_forest_clump_C, infiniplex_forest_zigzag_1,
          infiniplex_forest_lined_room_, infiniplex_forest_clump_tiny,
          shapermc_ecumenical_altar_hornbeckon

Action                   || total
-------------------------++-------
Melee: Dagger            ||     3
 Stab: Sleeping          ||     1
Dodge: Dodged            ||     3

Table legend: (Time is in decaauts)
 A = Elapsed time spent in this place.
 B = Non-inter-level travel time spent in this place.
 C = Inter-level travel time spent in this place.
 D = Time resting spent in this place.
 E = Time spent auto-exploring this place.
 F = Levels seen in this place.
 G = Mean time per level.
                   A        B        C        D        E       F      G
               +--------+--------+--------+--------+--------+-----+--------+
         Total |     47 |     47 |      0 |      0 |     17 |   1 |   47.0 |
       Dungeon |     47 |     47 |      0 |      0 |     17 |   1 |   47.0 |
               +--------+--------+--------+--------+--------+-----+--------+

Top non-repeatable levels by time:
     D:1: 47 daAuts
